 Dungeon Crawl Stone Soup version 0.26.0-10-g1f06aea511 (webtiles) character file.

Game seed: 2766015790517002293

16664 dracos369 the Archer (level 12, -3/76 HPs)
             Began as a Deep Elf Hunter on Jan 21, 2021.
             Was a Believer of Dithmenos.
             Slain by a small abomination (12 damage)
             ... in a Gauntlet.
             The game lasted 00:43:40 (12508 turns).

dracos369 the Archer (Deep Elf Hunter)             Turns: 12508, Time: 00:43:42

Health: -3/76      AC: 18    Str: 13    XL:     12   Next: 12%
Magic:  14/14      EV: 20    Int: 18    God:    Dithmenos [**....]
Gold:   295        SH:  5    Dex: 15    Spells: 10/11 levels left

rFire    . . .     SeeInvis .   a - +1 shortbow
rCold    + . .     Faith    .   (shield currently unavailable)
rNeg     . . .     Spirit   .   u - +3 leather armour {rC+}
rPois    .         Reflect  +   z - +1 helmet
rElec    .         Harm     .   q - +1 cloak
rCorr    .         Rampage  +   G - +0 pair of gloves
Will     +....     NoTele   +   D - +2 pair of boots {rampage}
Stlth    +++++.....             o - amulet of reflection
HPRegen  0.22/turn              j - ring of stealth
MPRegen  0.14/turn              M - +4 ring of protection

@: wreathed by umbra
A: no striking features
a: Renounce Religion, Shadow Step


You were in a Gauntlet.
You worshipped Dithmenos.
Dithmenos was pleased with you.
You visited 2 branches of the dungeon, and saw 12 of its levels.
You also visited: Ossuary and Gauntlet.

You collected 617 gold pieces.
You spent 322 gold pieces at shops.

Inventory:

Hand Weapons
 a - a +1 shortbow (weapon)
 b - the +12 war axe of Neqyik {vamp, Will++ Str-5 Dex+8 Stlth-}
   (You found it on level 6 of the Dungeon)

   It inflicts no extra harm, but heals its wielder when it wounds a living foe.
   It affects your strength (-5).
   It affects your dexterity (+8).
   It affects your willpower, your defense against some magical effects.
   It makes you less stealthy.
Missiles
 d - 63 arrows (quivered ammo)
Armour
 h - the cursed +0 helmet "Gaasuanu" {rPois Int+3, unknown}
   (You found it in a Gauntlet)

   It affects your intelligence (+3).
   It protects you from poison.
   It has a curse placed upon it.
 q - a +1 cloak (worn)
 u - a +3 leather armour of cold resistance (worn)
 w - a +2 robe of fire resistance
 z - a +1 helmet (worn)
 D - a +2 pair of boots of rampaging (worn)
 G - a +0 pair of gloves (worn)
 N - a +1 pair of boots
Jewellery
 j - a ring of stealth (left hand)
 n - an uncursed ring of fire
 o - an amulet of reflection (around neck)
 C - a cursed amulet of inaccuracy {unknown}
 L - an uncursed amulet of guardian spirit {unknown}
 M - a +4 ring of protection (right hand)
Wands
 m - a wand of digging (4)
 x - a wand of iceblast (17)
 F - a wand of paralysis (9)
 P - a wand of flame (18)
 Q - a wand of acid (11)
Scrolls
 c - 2 scrolls of immolation
 e - 5 scrolls of teleportation
 f - 3 scrolls of remove curse
 i - 6 scrolls of fog
 l - a scroll of silence {unknown}
 t - a scroll of noise {unknown}
 v - a scroll of blinking {unknown}
 y - a scroll of amnesia {unknown}
 A - a scroll of random uselessness {unknown}
 H - a scroll of enchant armour
 I - a scroll of brand weapon {unknown}
 J - a scroll of magic mapping
 K - a scroll of vulnerability {unknown}
Potions
 g - 2 potions of flight {unknown}
 k - 3 potions of attraction
 p - 2 potions of brilliance
 r - 7 potions of curing
 B - 6 potions of mutation
 E - 4 potions of lignification


   Skills:
 + Level 9.0 Fighting
 - Level 4.0 Axes
 - Level 14.0 Bows
 + Level 1.1 Armour
 - Level 12.0 Dodging
 - Level 5.5 Stealth
 - Level 4.4 Evocations


You had 10 spell levels left.
You knew the following spells:

 Your Spells              Type           Power        Failure   Level
a - Apportation           Tloc           0%           28%         1

Your spell library contained the following spells:

 Spells                   Type           Power        Failure   Level
 Animate Skeleton         Necr           0%           28%         1
 Corona                   Hex            0%           28%         1
 Summon Small Mammal      Summ           0%           28%         1


Dungeon Overview and Level Annotations

Branches:
Dungeon (11/15)            Temple (1/1) D:7            Lair (0/6) D:11
    Orc (0/2) D:11        Ossuary (visited)         Gauntlet (1/1)

Altars:
Ashenzari
Cheibriados
Dithmenos
Elyvilon
Fedhas
Gozag
Hepliaklqana
Kikubaaqudgha
Makhleb
Nemelex Xobeh
Okawaru
Qazlal
Ru
Sif Muna
Trog
Uskayaw
Vehumet
Wu Jian
Xom
Yredelemnul
Zin
The Shining One

Shops:
D:4 [   D:6 *   D:8 [=

Annotations:
Gauntlet 6 transporters


Message History

Fire: 66 arrows
Press: ? - help, Q - select action, (/) - cycle Shift-Dir - straight line, f/p - small abomination
Aim: a small abomination (severely damaged, umbra)
You shoot an arrow.
The arrow barely misses the small abomination.
The small abomination closely misses you.
Fire: 65 arrows
Press: ? - help, Q - select action, (/) - cycle Shift-Dir - straight line, f/p - small abomination
Aim: a small abomination (severely damaged, umbra)
You shoot an arrow.
The arrow hits the small abomination but does no damage.
The small abomination is severely damaged.
You block the small abomination's attack.
Fire: 64 arrows
Press: ? - help, Q - select action, (/) - cycle Shift-Dir - straight line, f/p - small abomination
Aim: a small abomination (severely damaged, umbra)
You shoot an arrow. The arrow hits the small abomination.
The small abomination is severely damaged.
The small abomination hits you!
You die...

#≈≈.#.#.#.#.#.#.#.#.#.#.≈≈#
##≈.#.X#©#..#.#p=)©.?.#.≈##
##.#########.#########.##
#≈.....................≈#
#≈≈≈#≈≈≈#..∩.⌠.∩..#≈≈≈#≈≈≈#
##≈###≈###.......###≈###≈##
## ################# ##
......x........
.⌠.⌠.⌠.@.©.⌠.⌠.
...............
##.##.##.##.##. #. .# .# .
.. #. ##. # . .


You could see a large abomination, a wizard and a small abomination.

Vanquished Creatures
  A hydra (D:8)
  Erica (D:8)
  Pikel (D:7)
  A necromancer (Gauntlet)
  Joseph (D:8)
  Maurice (D:8)
  A troll (D:9)
  2 hornets (Gauntlet)
  Sigmund (D:4)
  Grum (D:8)
  Menkaure (D:6)
  2 water moccasins
  3 orc warriors
  A black bear (D:9)
  4 ice beasts
  2 phantoms (D:5)
  A sky beast (D:5)
  3 ogres
  8 wolves
  5 centaurs
  3 lemures (D:7)
  2 elf zombies (Ossuary)
  2 big kobolds
  A bullfrog (D:10)
  2 small abominations (Gauntlet)
  2 scorpions
  A water moccasin skeleton (D:7)
  8 killer bees
  8 howler monkeys
  5 wights (D:7)
  A crimson imp (D:9)
  3 centaur zombies
  A quasit (D:7)
  2 jellies (D:9)
  3 bullfrog skeletons
  6 orc priests
  2 hounds
  A human zombie (Ossuary)
  9 orc wizards
  4 iguanas
  Natasha (thrice) (D:2)
  8 worker ants
  A big kobold zombie (Ossuary)
  3 hound zombies
  3 hound skeletons
  3 mummies (Ossuary)
  A howler monkey zombie (D:7)
  18 adders
  2 shadow imps
  6 white imps
  3 ufetubi
  2 oozes
  3 adder skeletons
  7 adder zombies
  3 worms
  5 dart slugs
  8 leopard geckos
  33 orcs
  8 giant cockroaches
  13 goblins
  6 hobgoblins
  A jackal (D:4)
  6 quokkas
  2 ball pythons
  5 bats
  6 frilled lizards
  4 gnoll zombies (Ossuary)
  3 goblin zombies (Ossuary)
  4 hobgoblin zombies (Ossuary)
  2 jackal zombies (Ossuary)
  17 kobolds
  4 kobold zombies (Ossuary)
  A leopard gecko skeleton (D:4)
  3 leopard gecko zombies
  2 quokka zombies (Ossuary)
  6 rats
  5 rat zombies (Ossuary)
317 creatures vanquished.

Vanquished Creatures (others)
  2 plants (Gauntlet)
2 creatures vanquished.

Grand Total: 319 creatures vanquished

Notes
Turn   | Place    | Note
-------+----------+-------------------------------------------
     0 | D:1      | dracos369 the Deep Elf Hunter began the quest for the Orb.
     0 | D:1      | Reached XP level 1. HP: 12/12 MP: 3/3
   211 | D:1      | Reached XP level 2. HP: 16/16 MP: 4/4
   228 | D:1      | Reached skill level 6 in Bows
   516 | D:1      | Reached XP level 3. HP: 20/20 MP: 5/5
  1133 | D:2      | Reached skill level 7 in Bows
  1432 | D:2      | Noticed Natasha
  1447 | D:2      | Killed Natasha
  1448 | D:2      | Reached XP level 4. HP: 9/25 MP: 6/6
  1466 | D:2      | Noticed Natasha
  1472 | D:2      | Killed Natasha
  1473 | D:2      | Reached skill level 8 in Bows
  1644 | D:2      | Noticed Natasha
  1661 | D:2      | Killed Natasha
  1880 | D:2      | Reached XP level 5. HP: 29/29 MP: 7/7
  2657 | D:3      | Reached skill level 9 in Bows
  3353 | D:4      | Reached XP level 6. HP: 34/34 MP: 8/8
  3506 | D:4      | Reached skill level 10 in Bows
  3992 | D:4      | Noticed Sigmund
  4003 | D:4      | Killed Sigmund
  4004 | D:4      | Reached skill level 11 in Bows
  4004 | D:4      | Reached XP level 7. HP: 28/38 MP: 9/9
  4219 | D:4      | Found Akhef's Armour Shop.
  4227 | D:4      | Bought a +1 helmet for 161 gold pieces
  4461 | D:5      | Entered Level 5 of the Dungeon
  4532 | D:5      | Found a sand-covered staircase.
  4541 | Ossuary  | Entered an ossuary
  5189 | D:5      | Reached skill level 12 in Bows
  5189 | D:5      | Reached XP level 8. HP: 36/45 MP: 10/10
  6048 | D:6      | Reached skill level 5 in Dodging
  6207 | D:6      | Reached skill level 13 in Bows
  6550 | D:6      | Identified the +12 war axe of Neqyik {vamp, Will++ Str-5
                  | Dex+8 Stlth-} (You found it on level 6 of the Dungeon)
  6575 | D:6      | Found Ybude's Serpentskin Sales.
  6797 | D:6      | Noticed Menkaure
  6801 | D:6      | Killed Menkaure
  6802 | D:6      | Reached XP level 9. HP: 52/52 MP: 11/11
  7054 | D:7      | Noticed Pikel
  7260 | D:7      | Killed Pikel
  7261 | D:7      | Reached skill level 14 in Bows
  7451 | D:7      | Found a staircase to the Ecumenical Temple.
  7493 | Temple   | Entered the Ecumenical Temple
  7503 | Temple   | Became a worshipper of Dithmenos the Shadowed
  7612 | D:7      | Reached skill level 5 in Fighting
  8158 | D:7      | Found an ornate altar of the Wu Jian Council.
  8195 | D:7      | Reached skill level 1 in Axes
  8197 | D:7      | Reached * piety under Dithmenos
  8292 | D:7      | Found a blossoming altar of Fedhas.
  8295 | D:7      | Found a glowing silver altar of Zin.
  8696 | D:8      | Reached XP level 10. HP: 60/60 MP: 12/12
  8733 | D:8      | Found Daluwke's Jewellery Shoppe.
  8745 | D:8      | Found Buakhikk's Armour Boutique.
  8866 | D:4      | Bought a +1 pair of boots for 161 gold pieces
  9034 | D:8      | Found a hazy altar of Hepliaklqana.
  9070 | D:8      | Noticed Joseph
  9099 | D:8      | Killed Joseph
  9339 | D:8      | Noticed Erica
  9358 | D:8      | Killed Erica
  9394 | D:8      | Noticed Grum
  9411 | D:8      | Killed Grum
  9555 | D:8      | Noticed Maurice
  9577 | D:8      | Noticed a seven-headed hydra
  9603 | D:8      | Killed Maurice
  9632 | D:8      | Killed a seven-headed hydra
 10103 | D:9      | Reached skill level 10 in Dodging
 10439 | D:9      | Reached ** piety under Dithmenos
 10557 | D:9      | Reached skill level 5 in Stealth
 10557 | D:9      | Reached XP level 11. HP: 68/68 MP: 13/13
 10864 | D:9      | Found a shimmering altar of Xom.
 10864 | D:9      | Found a burning altar of Makhleb.
 11082 | D:9      | Found a sacrificial altar of Ru.
 11213 | D:9      | Found an ancient bone altar of Kikubaaqudgha.
 11796 | D:10     | Entered Level 10 of the Dungeon
 12049 | D:10     | You fall into a shaft and drop 1 floor!
 12050 | D:11     | Noticed a cyan ugly thing
 12105 | D:11     | Found a gate leading to a gauntlet.
 12128 | Gauntlet | Entered a Gauntlet
 12128 | Gauntlet | Found a transporter.
 12128 | Gauntlet | Found a transporter.
 12128 | Gauntlet | Found a runed translucent door.
 12128 | Gauntlet | Found a runed translucent door.
 12128 | Gauntlet | Noticed a necromancer
 12136 | Gauntlet | Found a transporter.
 12140 | Gauntlet | Found a transporter.
 12146 | Gauntlet | Noticed a necromancer
 12148 | Gauntlet | Found a transporter.
 12152 | Gauntlet | Found a transporter.
 12159 | Gauntlet | Noticed a large abomination
 12160 | Gauntlet | Found a transporter.
 12176 | Gauntlet | Found a transporter.
 12176 | Gauntlet | Noticed a wizard
 12178 | Gauntlet | Noticed a wizard
 12190 | Gauntlet | Found a transporter.
 12194 | Gauntlet | Found a transporter.
 12202 | Gauntlet | Found a transporter.
 12206 | Gauntlet | Found a transporter.
 12252 | Gauntlet | Learned a level 1 spell: Apportation
 12261 | Gauntlet | Reached XP level 12. HP: 75/75 MP: 14/14
 12450 | Gauntlet | Reached skill level 1 in Armour
 12474 | Gauntlet | Got a smoking helmet
 12508 | Gauntlet | Slain by a small abomination

Illustrated notes

Levels and vault maps discovered:
D:1:      sevenhm_arrival_forest_fort_large_4, layout_loops_ring
D:2:      layout_rooms, nrook_mini_backslash, uniq_natasha
D:3:      minmay_wonky_spiral, layout_loops_ring, kennysheep_generic_room_2
D:4:      layout_loops_ring, serial_shops, nicolae_shop_crystal,
          minmay_crystal_water, minmay_joined_circles, uniq_sigmund
D:5:      layout_rooms, nicolae_ossuary_entry_ruins, chequers_mini_garden
D:6:      layout_basic, guppyfry_shop_venom, uniq_menkaure
D:7:      layout_basic, minitemple, minmay_temple_entry_stoned_glass,
          minivault_1, uniq_pikel
D:8:      layout_loops_corners, nzn_hepliaklqana_mist_gate, serial_shops, shop,
          nicolae_shop_crystal, uniq_maurice, uniq_grum, uniq_erica, uniq_joseph
D:9:      minmay_recursive_quarters, layout_basic,
          grunt_temple_overflow_champion_of_chaos, nicolae_ru_path_of_blood,
          basic_altar
D:10:     layout_cave_pods
D:11:     layout_loops_ring, david_lair_generic, orc_0_dummy, enter_trove_6,
          ploomutoo_gammafunk_ghost_potion_laboratory, gauntlet_entry_generic,
          uniq_erolcha
Temple:   nicolae_temple_no_exploring_needed
Gauntlet: minmay_gauntlet_77_indecision [minmay_gauntlet_arena_77_cramped,
          minmay_gauntlet_arena_77_checkered,
          minmay_gauntlet_arena_77_terracotta_army,
          minmay_gauntlet_arena_77_hold_the_fort,
          minmay_gauntlet_arena_77_braids, minmay_gauntlet_arena_77_museum,
          gauntlet_exit_green]

Skill      XL: |  1  2  3  4  5  6  7  8  9 10 11 12 |
---------------+-------------------------------------+-----
Bows           | 6 7 8 9 11 12 13 14 | 14.0
Fighting       | 2 4 5 8 9 |  9.0
Dodging        | 3 5 8 11 12 | 12.0
Axes           | 1 4 |  4.0
Stealth        | 5 |  5.5
Evocations     | 4 |  4.4
Armour         | 1 |  1.1

Action                   |  1- 3 |  4- 6 |  7- 9 | 10-12 || total
-------------------------+-------+-------+-------+-------++-------
Melee: Dagger            |    41 |    58 |       |       ||    99
       War axe           |       |       |     9 |    42 ||    51
       Shortbow          |       |       |       |     1 ||     1
 Fire: Shortbow          |    70 |   152 |   787 |   460 ||  1469
  Use: Scroll            |       |       |    15 |     6 ||    21
       Potion            |       |       |     2 |     6 ||     8
 Stab: Sleeping          |     1 |     2 |       |     2 ||     5
       Distracted        |       |     1 |       |       ||     1
Armor: Leather armour    |     9 |    19 |    74 |    53 ||   155
Dodge: Dodged            |    28 |    53 |   130 |   171 ||   382
Block: Other             |     7 |    17 |    51 |    45 ||   120
       Reflection        |       |       |     5 |     2 ||     7
